 Dungeon Crawl Stone Soup version 0.21-a0-442-g848f44b (webtiles) character file.

135 tof the Twirler (level 4, 0/34 HPs)
             Began as a Demonspawn Gladiator on Nov 12, 2017.
             Succumbed to Crazy Yiuf's poison
             ... on level 2 of the Dungeon.
             The game lasted 00:01:54 (2039 turns).

tof the Twirler (Demonspawn Gladiator)              Turns: 2039, Time: 00:01:54

Health: 0/34       AC:  6    Str: 14    XL:     4   Next: 96%
Magic:  4/4        EV: 13    Int:  9    God:
Gold:   90         SH:  0    Dex: 16    Spells: 3/3 levels left

rFire    . . .     SeeInvis .   a - +0 quarterstaff
rCold    . . .     Gourm    .   (shield currently unavailable)
rNeg     . . .     Faith    .   b - +0 leather armour
rPois    .         Spirit   .   c - +0 helmet
rElec    .         Reflect  .   (no cloak)
rCorr    .         Harm     .   (no gloves)
MR       .....                  (no boots)
Stlth    +.........             (no amulet)
HPRegen  0.11/turn              e - ring of flight
MPRegen  0.09/turn              (no ring)

@: lethally poisoned (0 -> -6), hasted, very quick
A: hooves 1, thin metallic scales 1
a: Evoke Flight


You were on level 2 of the Dungeon.
You were hungry.

You visited 1 branch of the dungeon, and saw 2 of its levels.

You collected 90 gold pieces.

Inventory:

Hand Weapons
 a - a +0 quarterstaff (weapon)
Missiles
 d - 3 throwing nets (quivered)
Armour
 b - a +0 leather armour (worn)
 c - a +0 helmet (worn)
Jewellery
 e - a ring of flight (left hand)
 g - an uncursed amulet of regeneration {unknown}
 n - a cursed ring of loudness {unknown}
Scrolls
 h - a scroll of enchant armour {unknown}
 j - 2 scrolls of teleportation {unknown}
 l - a scroll of immolation {unknown}
 m - a scroll of remove curse {unknown}
 o - a scroll of identify {unknown}
Potions
 i - a potion of cancellation {unknown}
 k - a potion of degeneration {unknown}
 p - a potion of haste
Comestibles
 f - 3 bread rations


   Skills:
 + Level 2.8 Fighting
 * Level 3.9 Staves
 - Level 1.7 Throwing
 + Level 1.6 Armour
 + Level 3.3 Dodging


You had 3 spell levels left.
You didn't know any spells.

Dungeon Overview and Level Annotations

Branches:
Dungeon (2/15)

Altars:
Kikubaaqudgha


Innate Abilities, Weirdness & Mutations

You have large cloven feet.
You are partially covered in thin metallic scales. (AC +2)


Message History

* * * LOW HITPOINT WARNING * * *
You feel sick. Crazy Yiuf misses you.
You completely miss Crazy Yiuf. You kick Crazy Yiuf.
Crazy Yiuf is severely wounded.
Crazy Yiuf hits you with a quarterstaff of chaos.
* * * LOW HITPOINT WARNING * * *
You hit Crazy Yiuf.
You kill Crazy Yiuf!
* * * LOW HITPOINT WARNING * * *
You feel sick.
* * * LOW HITPOINT WARNING * * *
You feel sick.
Things that are here:
a quarterstaff of chaos; an embroidered cloak; the gnoll corpse of Crazy Yiuf
* * * LOW HITPOINT WARNING * * *
You feel sick.
Unknown command.
Unknown command.
It was a potion of haste.
You feel yourself speed up.
You die...

.#.###.#.###.......#####
#... .#.....#.#
######......# #...
.#######.# ###'####.#
#... .#######.###
#....###.# ###.
..........(# #........#
#####.. #######....#
########## #......
#....# ##.###'# ######
##### #####..# #.# #)@.#
#......###.# #...#
##.###.'.._# #.).# ##.#
#.###.# ##'## #..# #.#
#.# ♣.♣♣ #.## #.###'#
♣♣.♣ #.# #...... ♣.♣♣
#.# ######. ♣♣.♣ #.# ##
♣♣.♣♣ #.#


There were no monsters in sight!

Vanquished Creatures
  Crazy Yiuf (D:2)
  4 adders (D:2)
  A worm (D:2)
  2 dart slugs (D:1)
  2 leopard geckos
  A ball python (D:2)
  4 giant cockroaches (D:1)
  8 goblins
  8 hobgoblins
  7 jackals
  4 bats (D:1)
  A frilled lizard (D:1)
  7 kobolds
  9 rats
59 creatures vanquished.

Notes
Turn   | Place    | Note
-------+----------+-------------------------------------------
     0 | D:1      | tof the Demonspawn Gladiator began the quest for the Orb.
     0 | D:1      | Reached XP level 1. HP: 16/16 MP: 1/1
   170 | D:1      | Gained mutation: You have large cloven feet. [demonic ancestry]
   170 | D:1      | Reached XP level 2. HP: 21/22 MP: 2/2
   511 | D:1      | Gained mutation: You are partially covered in thin metallic scales. (AC +2) [demonic ancestry]
   511 | D:1      | Reached XP level 3. HP: 26/28 MP: 3/3
   639 | D:1      | Reached skill level 1 in Armour
  1009 | D:2      | Found an ancient bone altar of Kikubaaqudgha.
  1411 | D:2      | Reached XP level 4. HP: 19/34 MP: 4/4
  2025 | D:2      | Found a runed door.
  2029 | D:2      | Noticed Crazy Yiuf
  2035 | D:2      | Killed Crazy Yiuf
  2037 | D:2      | HP: 1/34 [poisoned by Crazy Yiuf]
  2039 | D:2      | Succumbed to Crazy Yiuf's poison

Vault maps used:
D:1:      lemuel_arrival_hallway, hangedman_decor_clover_reticule
D:2:      lemuel_doored_altar, uniq_crazy_yiuf_cottage

Skill      XL: |  1  2  3 |
---------------+----------+-----
Staves         | 3 |  3.9
Dodging        | 3 |  3.3
Armour         | 1 |  1.6
Fighting       | |  2.8
Throwing       | |  1.7

Action                   |  1- 3 |  4- 6 || total
-------------------------+-------+-------++-------
Melee: Quarterstaff      |   121 |    39 ||   160
       Kick              |    19 |     8 ||    27
  Use: Potion            |       |     1 ||     1
 Stab: Sleeping          |       |     1 ||     1
  Eat: Chunk             |     2 |     1 ||     3
Armor: Leather armour    |    56 |     9 ||    65
Dodge: Dodged            |   105 |    19 ||   124

Table legend:
 A = Spawn XP
 B = Non-spawn XP
 C = Spawn XP percentage of total XP
 D = Spawn monster count
 E = Non-spawn monster count
 F = Spawn count percentage of total count
 G = Total turns spent on level
                    A         B        C        D         E        F      G
               +---------+---------+-------+---------+---------+-------+---------
         Total |       0 |     193 |   0.0 |       0 |      59 |   0.0 |  2039
               +---------+---------+-------+---------+---------+-------+---------
           D:1 |       0 |      54 |   0.0 |       0 |      31 |   0.0 |   977
           D:2 |       0 |     139 |   0.0 |       0 |      28 |   0.0 |  1062
               +---------+---------+-------+---------+---------+-------+---------
